[Event "*** SCC Grand Prix: Titled Tuesday Blitz"]
[Site "Chess.com"]
[Date "2020.09.29"]
[Round "1"]
[White "Moultino06"]
[Black "Zmeeed63"]
[Result "0-1"]
[WhiteElo "2675"]
[BlackElo "2370"]
[TimeControl "180+1"]
[EndTime "10:08:52 PDT"]
[Termination "Zmeeed63 won by resignation"]

1. e4 c5 2. Nf3 Nf6 3. e5 Nd5 4. b3 Nc6 5. Bb2 d6 6. Bc4 Nb6 7. Bb5 Bg4 8. h3 Bh5 9. d4 cxd4 10. g4 Bg6 11. Qxd4 e6 12. exd6 Qd7 13. Qd2 Bxd6 14.
Bxg7 Rg8 15. Bc3 O-O-O 16. O-O h5 17. g5 Be4 18. Nd4 Qc7 19. f4 e5 20. Nxc6 Bc5+ 21. Nd4 exd4 22. Bb4 d3+ 23. Bxc5 Qxc5+ 24. Qf2 Qxb5 25.
Nc3 Qb4 26. cxd3 Bxd3 27. Rac1 Kb8 28. Rfe1 Bf5 29. Re5 Bxh3 30. Qe3 Bc8 31. Ne4 Qd4 32. Qxd4 Rxd4 33. Nf6 Rgd8 34. Kf2 Rxf4+ 35. Ke3 Rf5 36. Ke4 Rxe5+ 37. Kxe5 h4 38. Rh1 h3 39. Kf4 Nd5+ 40. Ke5 Nxf6 41. Kxf6 Be6 42. g6 fxg6 43. Kxe6 Rh8 44.
Kf6 h2 45. Kxg6 Kc7 46. Kg7 Rh3 47. Kg6 Kc6 48. Kg5 Kb5 49. Kg4 Rh8 50. Kg3 Kb4 51. Kg2 Ka3 52. b4 Kxb4 53. Rb1+ Ka4 54. Kh1 b5 55. Rb3 b4 56. Rf3 a5 57. Rg3 Rc8 58.
Rg2 Ka3 59. Re2 Rc1+ 60. Kxh2 Ra1 61. Kg3 Rxa2 62. Re5 a4 63. Kf3 b3 64. Ke3 Rc2 65. Kd3 Rc8 66. Rb5 b2 67. Kd2 Ka2 68. Rb4 a3 69. Ra4 b1=Q 70. Rd4 Qc2+ 71. Ke3 Re8+ 72. Kf4 Qf2+ 73. Kg4 Qxd4+ 0-1

[Event "*** SCC Grand Prix: Titled Tuesday Blitz"]
[Site "Chess.com"]
[Date "2020.09.29"]
[Round "1"]
[White "MasterKroket"]
[Black "GHANDEEVAM2003"]
[Result "0-1"]
[WhiteElo "2452"]
[BlackElo "3022"]
[TimeControl "180+1"]
[EndTime "10:08:54 PDT"]
[Termination "GHANDEEVAM2003 won by checkmate"]

1. d4 e6 2. c4 d5 3. Nc3 Nf6 4. Nf3 Be7 5. Bf4 O-O 6. e3 b6 7.
Rc1 Bb7 8. cxd5 Nxd5 9. Nxd5 Qxd5 10. a3 c5 11. Bc4 Qh5 12. dxc5 Rd8 13. Qe2 Bxc5 14. O-O Nd7 15. b4 Be7 16. Rfd1 Nf6 17. Ba6 Bxa6 18. Qxa6 Nd5 19. Be5 Bf6 20. Bxf6 gxf6 21.
Rd4 Kh8 22. Qd3 Rg8 23. Rh4 Qg6 24. Qxg6 Rxg6 25. Rhc4 Rgg8 26. g3 Kg7 27. e4 Ne7 28.
Rc7 Ng6 29. Rd7 Rgd8 30. Rcc7 Rxd7 31. Rxd7 a5 32. b5 Rc8 33. Rb7 Rc3 34. Nd4 Kf8 35.
Rxb6 Rxa3 36. Rb8+ Kg7 37. b6 a4 38. b7 Ra1+ 39. Kg2 Rb1 40. Nc6 a3 41. Nd8 Ne5 42. Ra8 Nd7 43. Rxa3 Rb6 44. Rd3 Nc5 45. Rc3 Nxb7 46.
Nxb7 Rxb7 47. h4 Rb4 48. Re3 h5 49. Kf3 Kg6 50. Kg2 Ra4 51. Kf3 Ra5 52. Kg2 Rb5 53.
Kf3 Re5 54. Ke2 f5 55. exf5+ Kxf5 56. Rxe5+ Kxe5 57. Ke3 f6 58. f3 f5 59. Kd3 Kd5 60. Ke3 e5 61. Kd3 e4+ 62. fxe4+ fxe4+ 63. Ke2 Ke6 64. Kf2 Kf5 65. Ke3 Ke5 66. Ke2 Kd4 67. Kd2 e3+ 68. Ke2 Ke4 69. g4 hxg4 70. h5 g3 71. h6 g2 72. h7 g1=Q 73. h8=Q Qf2+ 74. Kd1 Qd2# 0-1

[Event "*** SCC Grand Prix: Titled Tuesday Blitz"]
[Site "Chess.com"]
[Date "2020.09.29"]
[Round "1"]
[White "Evandro_Barbosa"]
[Black "ZverevLev"]
[Result "1-0"]
[WhiteElo "2733"]
[BlackElo "2376"]
[TimeControl "180+1"]
[EndTime "10:08:56 PDT"]
[Termination "Evandro_Barbosa won on time"]

1. e4 e5 2. Nf3 Nc6 3. Bc4 Bc5 4. d3 Nf6 5. O-O d6 6. c3 a6 7. Bb3 Ba7 8. Nbd2 h6 9. Re1 O-O 10. h3 Ne7 11. Nf1 Ng6 12. Ng3 Re8 13. d4 Be6 14. Bc2 Qd7 15. Kh2 c6 16. Be3 Qc7 17. a4 Rad8 18. Qb1 Bc8 19. Kg1 Bb8 20. Qc1 Kh7 21. a5 Qe7 22. c4 exd4 23. Nxd4 Ng8 24. Ngf5 Qf6 25. Ra3 c5 26. Ne2 Bxf5 27. exf5 N6e7 28.
Nf4 Kh8 29. Rb3 Rd7 30. Rd3 Rdd8 31. Ba4 Rf8 32. Nd5 Nxd5 33. Rxd5 Ne7 34. Rdd1 Nxf5 35.
Bc2 Nxe3 36. Rxe3 Rfe8 37. Rf3 Qg5 38. Qxg5 hxg5 39. Rxf7 Re2 40. Rc1 Rde8 41. Kf1 d5 42. Bg6 R2e6 43. Bf5 Re5 44. cxd5 Rxd5 45. g3 Rde5 46. Bg6 Kg8 47. Rxb7 Rd8 48. Re1 Red5 49. Be4 Rd2 50. Rc1 Rf8 51. f3 Bxg3 52. Rxc5 Rf2+ 53.
Kg1 Rd2 54. Rd5 Bf2+ 55. Kf1 Rxd5 56. Bxd5+ Kh8 57. b4 Rd8 58. Be4 Rd2 59. b5 Bg3 60. bxa6 Ra2 61. a7 Rxa5 62. Rb8+ 1-0

[Event "*** SCC Grand Prix: Titled Tuesday Blitz"]
[Site "Chess.com"]
[Date "2020.09.29"]
[Round "1"]
[White "josorio78"]
[Black "Paladin61"]
[Result "0-1"]
[WhiteElo "2307"]
[BlackElo "2628"]
[TimeControl "180+1"]
[EndTime "10:08:56 PDT"]
[Termination "Paladin61 won on time"]

1. Nf3 Nf6 2. g3 g6 3. Bg2 Bg7 4. O-O O-O 5. d3 d6 6. e4 c5 7. Nbd2 Nc6 8. a4 Rb8 9. Nc4 Ne8 10. Nh4 b6 11. f4 Bb7 12. f5 Nf6 13. c3 Qc7 14.
Bf4 a6 15. Ne3 Rfc8 16. Ng4 Qd7 17. Nh6+ Kf8 18. fxg6 hxg6 19. Bg5 Nd8 20. h3 Ne6 21. Be3 Ke8 22. g4 Nd8 23. g5 Nh7 24. Qf3 e5 25. Rf2 Qe7 26. Qg3 Nf8 27. Raf1 Rc7 28. Bf3 Bc8 29. Bg4 Be6 30. Bxe6 Qxe6 31. Ng4 Nh7 32. Nf6+ Bxf6 33. gxf6 Nf8 34. Bh6 Qd7 35. Bxf8 Kxf8 36.
Qg5 Qe6 37. Kh2 Ke8 38. Nf3 Kd7 39. Qh4 Nc6 40. Ng5 Qe8 41. Qh7 Kc8 42. h4 Kb7 43. h5 gxh5 44. Qxh5 Qd7 45. Rg2 Rg8 46. Rfg1 Nd8 47.
Nh3 Rxg2+ 48. Rxg2 Qxa4 49. Rg8 Qd7 50. Ng5 Ne6 51.
Qh8 Nxg5 52. Rxg5 Rc8 53. Qh7 Rc7 54. Kg3 Qe6 55. Rf5 b5 56. Qg8 c4 57. dxc4 Qxc4 58.
Qg4 Qd3+ 59. Kh4 Qd2 60. Qg3 Qxb2 61. Qe3 Qxc3 62. Qxc3 Rxc3 63. Rh5 b4 64. Rh7 Rc7 65. Rxf7 Rxf7 66. Kg5 Rxf6 67. Kxf6 b3 68. Ke6 Kc6 0-1

[Event "*** SCC Grand Prix: Titled Tuesday Blitz"]
[Site "Chess.com"]
[Date "2020.09.29"]
[Round "1"]
[White "Grandmaster2B"]
[Black "GM_Levan_Pantsulaia"]
[Result "0-1"]
[WhiteElo "2411"]
[BlackElo "2834"]
[TimeControl "180+1"]
[EndTime "10:09:02 PDT"]
[Termination "GM_Levan_Pantsulaia won by resignation"]

1. e4 c6 2. d4 d5 3. Nd2 dxe4 4. Nxe4 Bf5 5. Ng3 Bg6 6. h4 h6 7. Nf3 Nd7 8. h5 Bh7 9. Bd3 Bxd3 10. Qxd3 e6 11.
Bd2 Qc7 12. O-O-O Ngf6 13. Ne4 O-O-O 14. g3 Nxe4 15. Qxe4 Nf6 16. Qe2 Bd6 17. Kb1 Kb8 18. Ne5 Ka8 19. Nd3 Rd7 20. Ne5 Rdd8 21. Nd3 Rhe8 22.
Bf4 Bxf4 23. Nxf4 Rd6 24. c3 Red8 25. Nd3 Rd5 26. Nf4 R5d6 27. Nd3 a6 28. Ne5 c5 29. Nc4 R6d7 30. dxc5 Qxc5 31. Rxd7 Rxd7 32. Ne5 Qd5 33. Re1 Rc7 34. Rd1 Qe4+ 35. Qxe4 Nxe4 36. Nd3 Rd7 37.
Kc2 Nf6 38. Ne5 Rc7 39. g4 Rc5 40. f4 Nd5 41. Rd4 f6 42. Nd3 Rc7 43. f5 Ne3+ 44. Kd2 Nc4+ 45. Kc2 exf5 46. gxf5 Ne3+ 47. Kd2 Nxf5 48.
Rd8+ Ka7 49. Nf4 Ng3 50. Rg8 Re7 51. Nd5 Rd7 52. c4 Nxh5 53. Kc3 f5 54. a4 f4 55. a5 Rd6 56. Nb6 Rxb6 57. axb6+ Kxb6 58. Kd4 Kc7 59. Rf8 g5 60. Rf7+ Kd6 61. Rh7 Ke6 62.
Rxh6+ Nf6 63. Rg6 Kf5 64. Rg7 g4 65. c5 g3 66. Kd3 Ne4 67. b4 Ng5 68. Rg8 g2 69.
Rf8+ Kg4 70. Rh8 g1=Q 71. Rh4+ 0-1

[Event "*** SCC Grand Prix: Titled Tuesday Blitz"]
[Site "Chess.com"]
[Date "2020.09.29"]
[Round "1"]
[White "KingHarii"]
[Black "mapleaff"]
[Result "1/2-1/2"]
[WhiteElo "2697"]
[BlackElo "2374"]
[TimeControl "180+1"]
[EndTime "10:09:04 PDT"]
[Termination "Game drawn by stalemate"]

1. c4 Nf6 2. Nf3 e6 3. g3 d5 4. Bg2 Be7 5. b3 O-O 6. Bb2 c5 7. O-O Nc6 8. e3 b6 9. Nc3 Bb7 10. Ne2 Na5 11. cxd5 Bxd5 12. d4 cxd4 13. Nexd4 Nc6 14.
Rc1 Nxd4 15. Qxd4 Bc5 16. Qf4 Bd6 17. Qa4 Qd7 18. Qxd7 Nxd7 19. Rfd1 Nc5 20. Ba1 Be7 21. Ne5 Bxg2 22. Kxg2 Rac8 23. b4 Ne4 24. Rxc8 Rxc8 25. Rd7 Bxb4 26. Nxf7 Rc2 27. Kf3 Rxf2+ 28. Kxe4 Rxf7 29.
Rd8+ Rf8 30. Rd7 Rf7 31. Rd8+ Rf8 32. Rd4 Bc5 33. Rd2 a5 34. a4 h6 35. g4 Rf1 36.
Be5 Re1 37. Rd8+ Kf7 38. Rd7+ Ke8 39. Rd3 Kf7 40. h4 g6 41. Rd7+ Ke8 42. Rd3 h5 43. gxh5 gxh5 44. Kf4 Be7 45. Bc7 Rf1+ 46. Ke5 Bxh4 47. Bxb6 Bg3+ 48. Kxe6 Kf8 49. Rd8+ Kg7 50. Bxa5 Rf6+ 51. Kd5 Rf5+ 52. Ke4 Rxa5 53. Rd7+ Kg6 54.
Kf3 Bh4 55. Rd4 Bf6 56. Rc4 Rd5 57. Rc2 Rd1 58. Rg2+ Kf7 59. Ra2 Rd5 60. a5 Rd7 61.
a6 Ra7 62. Ke4 Ke6 63. Ra5 h4 64. Kf3 Be5 65. Ra4 Bg3 66. Kg4 Kd6 67. Kh3 Kc6 68.
e4 Kb5 69. Ra2 Rxa6 70. Rxa6 Kxa6 71. e5 Kb7 72. e6 Kc6 73. e7 Kd7 74. e8=Q+ Kxe8 75. Kg2 Kf7 76. Kh1 Kg6 77. Kg2 Kf5 78. Kh1 Kg4 79.
Kg2 h3+ 80. Kh1 Be1 81. Kh2 Kh4 82. Kh1 Kg3 83. Kg1 Bf2+ 84. Kh1 h2 1/2-1/2

[Event "*** SCC Grand Prix: Titled Tuesday Blitz"]
[Site "Chess.com"]
[Date "2020.09.29"]
[Round "1"]
[White "tgpgoat"]
[Black "dyziotomi99"]
[Result "1/2-1/2"]
[WhiteElo "2007"]
[BlackElo "2457"]
[TimeControl "180+1"]
[EndTime "10:09:05 PDT"]
[Termination "Game drawn by repetition"]

1. e4 c5 2. Nf3 Nc6 3. d4 cxd4 4.
Nxd4 e6 5. Nc3 a6 6. Be3 Nf6 7. Bd3 Bb4 8. O-O O-O 9. Kh1 b5 10. f4 Bb7 11. e5 Bxc3 12. bxc3 Nd5 13. Bd2 d6 14. Rf3 g6 15. Nxc6 Bxc6 16. Rh3 Ra7 17. Qg4 Re8 18. Be1 f5 19. exf6 Nxf6 20. Qg5 Ne4 21. Qh6 Qf6 22. Rd1 Nc5 23. Bf2 Rg7 24. Bxc5 dxc5 25. c4 b4 26. Re3 e5 27. fxe5 Qf2 28. Be4 Bxe4 29. Rxe4 Rd7 30. Qc1 Red8 31. Rg1 Rd2 32. e6 Rxc2 33. Qe1 Qxe1 34. Rgxe1 Re8 35.
e7 Rd2 36. Re6 Rd7 37. Rxa6 Rexe7 38. Rf1 Kg7 39. Rc6 Re5 40. h3 Rd4 41. Rc1 Rd2 42. Ra6 Ree2 43. Ra5 Rxg2 44. Rxc5 Rh2+ 45. Kg1 Rdg2+ 46.
Kf1 Rxa2 47. Kg1 Rhg2+ 48. Kh1 Rh2+ 49. Kg1 Rxh3 50. Rb5 b3 51. Rb1 Rc3 52. c5 Rac2 53. R1xb3 Rxb3 54. Rxb3 Rxc5 55. Rg3 h5 56. Kg2 Kh6 57. Re3 g5 58. Kh2 g4 59. Re6+ Kg5 60. Kg2 Rc2+ 61. Kg1 h4 62. Re5+ Kf4 63. Re8 h3 64.
Rf8+ Kg3 65. Rf1 h2+ 66. Kh1 Kh3 67. Rf3+ Kh4 68. Rf1 g3 69. Rf4+ Kg5 70. Rg4+ Kf5 71. Rxg3 Kf4 72. Rg2 Rc1+ 73. Kxh2 Kf3 74. Rg3+ Kf4 75.
Rg2 Rc3 76. Rg1 Rc5 77. Rg2 Kf3 78. Kg1 Rc1+ 79. Kh2 Rc6 80. Rg3+ Kf2 81. Rg2+ Kf3 82. Rg3+ Kf4 83. Rg2 Rh6+ 84. Kg1 Kf3 85. Rf2+ Ke3 86. Rg2 Rf6 87. Kh2 Rh6+ 88. Kg1 Kf3 89. Rf2+ Ke3 90. Rg2 1/2-1/2

[Event "*** SCC Grand Prix: Titled Tuesday Blitz"]
[Site "Chess.com"]
[Date "2020.09.29"]
[Round "1"]
[White "Chigorinetz"]
[Black "wonderfultime"]
[Result "0-1"]
[WhiteElo "2434"]
[BlackElo "2918"]
[TimeControl "180+1"]
[EndTime "10:09:06 PDT"]
[Termination "wonderfultime won on time"]

1. e4 c5 2. Nc3 Nc6 3. Nge2 g6 4.
d4 cxd4 5. Nxd4 Bg7 6. Nb3 Nf6 7.
Be2 O-O 8. O-O d6 9. Re1 a6 10. Bf1 b5 11. Nd5 Bb7 12. c3 Nxd5 13. exd5 Ne5 14.
a4 Nc4 15. axb5 axb5 16. Rxa8 Bxa8 17. Nd2 Bxd5 18. Nxc4 Bxc4 19. Bxc4 bxc4 20. Qe2 e5 21. Qxc4 d5 22. Qc6 d4 23. cxd4 exd4 24. h3 Qb8 25.
Qe4 Rc8 26. h4 h5 27. g3 Qb3 28. Kg2 d3 29. Qf3 Kh7 30. Bg5 Rc7 31. Bf6 d2 32.
Re3 Qxe3 33. fxe3 Rc1 34. Bxg7 d1=Q 35. Qxd1 Rxd1 36. Bd4 Kg8 37. Kf3 Kf8 38. g4 Ke7 39.
gxh5 gxh5 40. Kf4 Rg1 41. Kf5 Rg4 42. Bf6+ Kd7 43. e4 Rg2 44. b4 Rg1 45. Bg5 Rb1 46. Kf6 Rxb4 47. e5 Rb1 48. Kxf7 Rf1+ 49. Bf6 Re1 50.
Bg7 Rf1+ 51. Bf6 Re1 52. Kg6 Ke6 53. Kxh5 Kf5 54. Kh6 Rg1 55. Kh7 Ke6 56. Kh6 Kf7 57. Kh5 Rg2 58. Kh6 Rg6+ 59. Kh5 Rg8 60. Bg5 Ke6 61. Bf6 Kf5 62. Kh6 Rg6+ 63. Kh7 Rg2 64. Kh6 Ke6 65. Kh7 Rf2 66. Kh6 Ra2 67. Kg6 Ra7 68. Bg5 Kxe5 69. h5 Ra6+ 70. Kg7 Kf5 71. Be3 Ra3 72. h6 Rxe3 73. h7 Re7+ 0-1

[Event "*** SCC Grand Prix: Titled Tuesday Blitz"]
[Site "Chess.com"]
[Date "2020.09.29"]
[Round "1"]
[White "c_r_e_e_p_e_r"]
[Black "Ali_rastbod"]
[Result "1-0"]
[WhiteElo "2347"]
[BlackElo "2636"]
[TimeControl "180+1"]
[EndTime "10:09:07 PDT"]
[Termination "c_r_e_e_p_e_r won by resignation"]

1. e4 e6 2. d4 d5 3. Nc3 Bb4 4. e5 b6 5. Qg4 Bf8 6. Bd3 Ba6 7. Bxa6 Nxa6 8. Nge2 Nb4 9. O-O Nxc2 10. Rb1 Nb4 11. Ng3 Qd7 12. f4 f5 13. exf6 Nxf6 14. Qe2 O-O-O 15.
a3 Nc6 16. Be3 Na5 17. Qa6+ Kb8 18. f5 Qc8 19. Qxc8+ Kxc8 20. fxe6 Re8 21. Bg5 Rxe6 22. Bxf6 gxf6 23. Nxd5 Nb3 24. Nf5 Nd2 25. Rfe1 Re4 26. Rbc1 c5 27. Rxe4 Nxe4 28. Re1 Nd6 29. Nfe7+ Bxe7 30. Rxe7 cxd4 31. Rxa7 Kb8 32. Rd7 Nf5 33. Nxf6 Rc8 34. h3 Rc1+ 35. Kh2 Rc2 36. Nxh7 Nh4 37. Kg3 Nxg2 38. Rxd4 Ne3 39. Kf4 Ng2+ 40. Kg3 Ne3 41. Kf4 Nf1 42. Re4 Rxb2 43. Ke5 Ng3 44. Rg4 Re2+ 45. Kf4 Nh5+ 46. Kg5 Ng7 47. Kh6 Ne6 48. Rg6 Kb7 49. Rf6 Re3 50. Rf7+ Ka6 51. h4 Rh3 52. h5 Nc5 53. Ng5 Rxa3 54. Kg7 Rg3 55. Kg6 Ne4 56. Rf5 b5 57. h6 b4 58. h7 Nxg5 59.
Rxg5 Rh3 60. Rh5 Rg3+ 61. Kh6 Rf3 62. h8=Q Rc3 63. Qa8+ Kb6 64. Qb8+ Kc6 65. Qc8+ Kb6 66. Qe6+ Kc7 67. Rd5 Rc6 68. Rd7+ Kb6 69. Rd6 Rxd6 70. Qxd6+ Kb5 71. Qd5+ Ka4 72. Qc6+ Kb3 73. Qb5 Kc3 74. Qc5+ Kb3 75. Kg5 Ka4 76. Qa7+ Kb3 77. Qb6 Kc2 78. Qxb4 1-0

[Event "*** SCC Grand Prix: Titled Tuesday Blitz"]
[Site "Chess.com"]
[Date "2020.09.29"]
[Round "1"]
[White "RaunakSadhwani2005"]
[Black "ajkom197"]
[Result "1/2-1/2"]
[WhiteElo "2926"]
[BlackElo "2449"]
[TimeControl "180+1"]
[EndTime "10:09:11 PDT"]
[Termination "Game drawn by repetition"]

1. c4 c6 2. Nf3 d5 3. e3 Nf6 4.
Nc3 Bg4 5. Qb3 Qb6 6. Ne5 Be6 7. cxd5 Nxd5 8. Nxd5 Bxd5 9. Bc4 Qxb3 10. axb3 Nd7 11. Nxd7 Kxd7 12. f3 e5 13. d3 a5 14. Bd2 Bb4 15.
Bxb4 axb4 16. Kd2 b5 17. Bxd5 cxd5 18. Rhc1 Kd6 19. d4 f6 20. Rxa8 Rxa8 21. Rc5 Ra1 22. Rxb5 Rg1 23. g4 Rg2+ 24. Kd3 Rxb2 25. Rxb4 Rxh2 26. Rb7 Rh3 27. Rxg7 Rxf3 28. Rxh7 e4+ 29. Kd2 Rf2+ 30. Kc3 Rf3 31. Kd2 Rf2+ 32. Ke1 Rg2 33. Rf7 Ke6 34. Rg7 Rb2 35. Rb7 Rg2 36. Rb6+ Ke7 37. b4 Rxg4 38. Kf2 Rh4 39. b5 f5 40.
Rb7+ Ke6 41. Rb6+ Ke7 42. Kg3 Rg4+ 43. Kf2 f4 44. exf4 Rxf4+ 45. Ke2 Rf3 46. Rb8 Rb3 47. b6 Kd7 48. Kd2 Rb5 49. Kc3 Kc6 50. Rc8+ Kxb6 51. Rb8+ Kc6 52. Rc8+ Kd7 53. Rh8 Rb6 54. Rh5 Rc6+ 55.
Kd2 Rd6 56. Ke3 Kc6 57. Rh1 Rg6 58. Rc1+ Kd6 59. Ra1 Rg3+ 60. Ke2 Rd3 61. Ra6+ Ke7 62. Ra4 Ke6 63. Rb4 Kf5 64. Ra4 Kf4 65. Rb4 Rc3 66.
Rb5 Rc2+ 67. Kd1 Ra2 68. Rxd5 Ke3 69. Rb5 Kd3 70. Rb3+ Kc4 71. Rh3 Kxd4 72. Ke1 Rb2 73. Kd1 Ra2 74. Ke1 e3 75. Rh8 Kd3 76. Rd8+ Ke4 77.
Re8+ Kd3 78. Rd8+ Ke4 79. Re8+ Kd3 80. Rd8+ 1/2-1/2

[Event "*** SCC Grand Prix: Titled Tuesday Blitz"]
[Site "Chess.com"]
[Date "2020.09.29"]
[Round "1"]
[White "ZarinaShafigullina"]
[Black "sofaceindisguise"]
[Result "0-1"]
[WhiteElo "2367"]
[BlackElo "2707"]
[TimeControl "180+1"]
[EndTime "10:09:11 PDT"]
[Termination "sofaceindisguise won on time"]

1. d4 Nf6 2. Nf3 g6 3. g3 Bg7 4. Bg2 O-O 5. O-O d6 6. c4 c6 7. Nc3 Qa5 8. e4 Bg4 9. Be3 Nbd7 10. Qb3 Bxf3 11. Bxf3 Rab8 12. h3 Ne8 13. Bg2 Nc7 14. f4 Ne6 15. Rad1 c5 16. d5 Nd4 17. Bxd4 cxd4 18. Nb5 Nc5 19. Qa3 Qxa3 20. Nxa3 a6 21. b4 Na4 22. Nc2 Nb2 23. Rd2 Nxc4 24. Rd3 Nb2 25. Rb3 d3 26. Ne3 Rfc8 27. Kf2 b5 28. Rb1 Nc4 29. Rxd3 Nxe3 30. Kxe3 Rc2 31. Rd2 Rbc8 32.
Bf1 R8c3+ 33. Bd3 Rxd2 34. Kxd2 Ra3 35. Rc1 Rxa2+ 36. Ke3 Ra4 37. Rc8+ Bf8 38. Ra8 Kg7 39. e5 dxe5 40. fxe5 f6 41. e6 f5 42. Bc2 Rxb4 43.
Rxa6 Kf6 44. Ra8 Bh6+ 45. Ke2 Rb2 46. Kd3 Bg7 47. Re8 h5 48. d6 exd6 49. e7 Kf7 50.
Rg8 Kxe7 51. Rxg7+ Kf6 52. Rb7 Rb4 53. Kc3 Rc4+ 54. Kd3 Rc5 55. Bb3 Kg5 56. Bf7 Kf6 57. Be8 Rd5+ 58. Ke3 Rc5 59. Kf3 Rc3+ 60. Kf2 Rc2+ 61.
Ke3 g5 62. Bxb5 g4 63. hxg4 hxg4 64. Bd3 Rg2 65. Rb6 Rxg3+ 66. Kd2 Ke5 67. Rb5+ d5 68. Rb7 Kd4 69. Bxf5 Rg2+ 70. Ke1 g3 71. Bg4 Ra2 72. Be2 g2 73. Rg7 Ke3 74. Rg3+ Kf4 75. Rxg2 d4 76.
Rf2+ Ke4 77. Rf3 Ra1+ 0-1

[Event "*** SCC Grand Prix: Titled Tuesday Blitz"]
[Site "Chess.com"]
[Date "2020.09.29"]
[Round "1"]
[White "Steven_Rojas"]
[Black "denispopov"]
[Result "0-1"]
[WhiteElo "2449"]
[BlackElo "1959"]
[TimeControl "180+1"]
[EndTime "10:09:13 PDT"]
[Termination "denispopov won by checkmate"]

1. d4 Nf6 2. c4 g6 3. Nc3 d5 4.
cxd5 Nxd5 5. e4 Nxc3 6. bxc3 Bg7 7. Bg5 O-O 8. Nf3 c5 9. Be2 cxd4 10. cxd4 Bg4 11.
O-O Bxf3 12. Bxf3 Bxd4 13. Rb1 Qd7 14. Qb3 Nc6 15. Qxb7 Rfd8 16. Rfd1 Rac8 17. h3 f6 18. Qb3+ Kg7 19. Be3 Qc7 20. Rbc1 Bxe3 21. Qxe3 Rxd1+ 22. Rxd1 Rd8 23. Rc1 Qd6 24. g3 a5 25. Rc5 Ne5 26.
Be2 a4 27. f4 Qd2 28. Kf2 Nd3+ 29. Kf3 Qxe3+ 30. Kxe3 Nxc5 31. Bc4 e5 32. h4 a3 33. h5 Rd4 34. Bd5 Rb4 35. hxg6 hxg6 36. fxe5 fxe5 37. Kf3 Rb2 38. Ke3 Na4 39. Kd3 Nc5+ 40. Ke3 Nd7 41. Kd3 Nb6 42. Be6 Rb5 43. Kc3 Rc5+ 44. Kb4 Rc6 45. Bb3 Rd6 46. Kxa3 Rd4 47. Bc2 Nd7 48.
Kb3 Nf6 49. a4 Nxe4 50. a5 Nd2+ 51. Kc3 Ne4+ 52. Kb3 Nd6 53. Kc3 Nb5+ 54. Kb3 Na7 55. Kc3 g5 56. Bf5 g4 57. a6 Kf6 58. Bd3 Ke7 59.
Be2 Kd6 60. Bxg4 Kc5 61. Be2 Kb6 62. g4 Nb5+ 63. Kb3 Kxa6 64. g5 Rd6 65. Kb4 Rb6 66. Kc5 Ka5 67. g6 Rxg6 68. Bxb5 e4 69. Bc4 e3 70. Kd4 Rg4+ 71. Kd3 Rxc4 72. Kxe3 Rb4 73. Kd3 Kb5 74. Ke3 Rc4 75. Kd3 Kc5 76. Ke3 Rd4 77. Kf3 Kd5 78. Ke3 Ke5 79. Kf3 Re4 80.
Kg3 Rf4 81. Kg2 Ke4 82. Kg3 Ke3 83. Kg2 Rf3 84. Kh2 Kf4 85. Kg2 Kg4 86. Kh2 Rg3 87.
Kh1 Kf3 88. Kh2 Kf2 89. Kh1 Rh3# 0-1

[Event "*** SCC Grand Prix: Titled Tuesday Blitz"]
[Site "Chess.com"]
[Date "2020.09.29"]
[Round "1"]
[White "TigrVShlyape"]
[Black "LogoCzar"]
[Result "1-0"]
[WhiteElo "2845"]
[BlackElo "2418"]
[TimeControl "180+1"]
[EndTime "10:09:15 PDT"]
[Termination "TigrVShlyape won by checkmate"]

1. d4 d5 2. Nf3 Nf6 3. Bf4 c5 4. e3 Nc6 5. Nbd2 Bf5 6. dxc5 e6 7. Nd4 Bxc5 8. Nxf5 exf5 9. c3 O-O 10. Be2 Re8 11.
O-O Qd7 12. Nf3 Rac8 13. Qb3 Na5 14. Qb5 Qxb5 15. Bxb5 Nc6 16. Nd4 g6 17. Rad1 Red8 18. Nxc6 bxc6 19. Ba6 Nh5 20. Bxc8 Nxf4 21. Bb7 Ne2+ 22. Kh1 Rb8 23. Rd2 Rxb7 24. Rxe2 Kg7 25. g3 Kf6 26. Rc1 Ke5 27. c4 d4 28. exd4+ Kxd4 29. Kg2 Kd3 30. Rcc2 a5 31. Kf3 Bb4 32. a3 Be1 33. Rc1 Bd2 34. Rd1 Rxb2 35. h4 h6 36. c5 g5 37. Re7 g4+ 38. Kg2 Kc2 39. Rf1 f4 40. gxf4 Bxf4 41. Rxf7 Be5 42. Re1 Bd4 43. Rf4 Kd3 44. Rd1+ Kc3 45. Rfxd4 a4 46. Rxa4 h5 47. Rd6 g3 48. Kxg3 Rb1 49. Rxc6 Rg1+ 50. Kf3 Rd1 51. Re4 Rd5 52. Rc8 Rf5+ 53. Ke3 Rd5 54. c6 Rd3+ 55. Kf4 Rd2 56. c7 Rxf2+ 57. Ke3 Rd2 58. Rd8 Rd6 59. Rxd6 Kb3 60. Re5 Ka2 61. Rb6 Ka1 62.
Rxh5 Ka2 63. Rg5 Ka1 64. a4 Ka2 65. a5 Ka3 66. a6 Ka4 67. a7 Ka3 68. h5 Ka2 69. h6 Ka3 70. h7 Ka2 71. h8=R Ka3 72. c8=R Ka2 73. Rgb5 Ka3 74. Rcb8 Ka2 75. R8b7 Ka3 76. Rhb8 Ka2 77. Kd4 Ka3 78. Kc4 Ka2 79.
Kc3 Ka3 80. Rb4 Ka2 81. Rb3 Ka1 82. R6b5 Ka2 83. R5b4 Ka1 84. R7b5 Ka2 85. R8b6 Ka1 86. Kc4 Ka2 87. a8=N Ka1 88. Nc7 Ka2 89. Ne6 Ka1 90. Kc3 Ka2 91. Nd4 Ka1 92. Nc2+ Ka2 93. Rb2# 1-0

[Event "*** SCC Grand Prix: Titled Tuesday Blitz"]
[Site "Chess.com"]
[Date "2020.09.29"]
[Round "1"]
[White "Godzillator"]
[Black "AndrewMaco"]
[Result "0-1"]
[WhiteElo "2343"]
[BlackElo "2663"]
[TimeControl "180+1"]
[EndTime "10:09:17 PDT"]
[Termination "AndrewMaco won by resignation"]

1. d4 Nf6 2. c4 e6 3. Nc3 Bb4 4. Qc2 d5 5. cxd5 Qxd5 6. Nf3 Qf5 7.
Qxf5 exf5 8. a3 Bd6 9. Bg5 Nbd7 10.
e3 c6 11. Bd3 h6 12. Bh4 g6 13. Bg3 Be7 14. Nd2 Nh5 15. Bc7 Nb6 16.
Be2 Nf6 17. Be5 Be6 18. O-O O-O 19. Rfc1 a5 20. h3 Rfe8 21. Kf1 a4 22. Bc7 Nbd5 23.
Be5 Nd7 24. Nxd5 Bxd5 25. Bh2 Bf8 26. Nc4 h5 27. Nd6 Bxd6 28. Bxd6 Nf6 29. Be5 Nd7 30.
Bg3 Re6 31. Bc4 Nb6 32. Bxd5 Nxd5 33. Rc4 f6 34. Rac1 Kf7 35. Bh2 g5 36. Re1 Kg6 37.
Bg1 f4 38. e4 Rae8 39. f3 f5 40. e5 Ra8 41. Rec1 g4 42. Bf2 g3 43. Bg1 h4 44.
R1c2 Kf7 45. Rc1 Re7 46. R1c2 Rd7 47. Rc1 Nc7 48. R1c2 Ne6 49. Ke2 Rd5 50. Rb4 Ra7 51. Rbc4 Ke7 52. Rb4 Kd7 53. Rbc4 Kc7 54. Rc1 b5 55.
Rxc6+ Kd7 56. Rb6 Nxd4+ 57. Bxd4 Rxd4 58. Rxb5 Ke7 59. Rd1 Rxd1 60. Kxd1 Ke6 61. Kc2 Rc7+ 62.
Kd3 Rd7+ 63. Ke2 Rd4 64. Ra5 Rc4 65. Kd2 Rd4+ 66. Kc3 Rd1 67. Rxa4 Rg1 68. Rxf4 Rxg2 69. Rxh4 Kxe5 70. f4+ Ke4 71. a4 Rg1 72. Kd2 Ra1 73.
Rh8 g2 74. Rg8 g1=Q 75. Rxg1 Rxg1 76. Kc3 Kxf4 77. b4 Ke4 78. Kc4 f4 79. a5 f3 80. b5 f2 81. Kc5 f1=Q 82. b6 Qf2+ 83. Kc6 Rc1+ 84. Kb7 Qf7+ 85. Ka6 Qc4+ 86. Kb7 Qc6+ 87. Ka6 Ra1 88. h4 Qa8+ 89. Kb5 Rxa5+ 90. Kc4 Qa6+ 91. Kc3 Qxb6 92. h5 Qd4+ 93. Kb3 Rb5+ 94.
Ka3 Qb4+ 0-1

[Event "*** SCC Grand Prix: Titled Tuesday Blitz"]
[Site "Chess.com"]
[Date "2020.09.29"]
[Round "1"]
[White "Unknown_IM"]
[Black "sokidze"]
[Result "0-1"]
[WhiteElo "2297"]
[BlackElo "2608"]
[TimeControl "180+1"]
[EndTime "10:09:17 PDT"]
[Termination "sokidze won by resignation"]

1. e4 c5 2. Nf3 Nc6 3. c3 Nf6 4.
e5 Nd5 5. d4 cxd4 6. cxd4 d6 7.
a3 Bg4 8. exd6 Qxd6 9. Nc3 Nxc3 10. bxc3 e6 11. Be2 Be7 12. O-O O-O 13. a4 Rac8 14. Ba3 Qd7 15. Bxe7 Qxe7 16. Bd3 Rfd8 17. Qe2 Qf6 18.
Qe4 Bxf3 19. Qxh7+ Kf8 20. gxf3 Ke7 21. Qe4 Rh8 22. Kg2 Rh4 23. Qe3 Rch8 24. Rh1 Rh3 25. Be4 Qh4 26. Rag1 Rxh2+ 27. Rxh2 Qxh2+ 28. Kf1 g6 29. Qg5+ Kf8 30. Qf6 Qh4 31. Rxg6 Qxf6 32. Rxf6 Ke7 33.
Rf4 Na5 34. Bd3 Rc8 35. Ke2 Rxc3 36. Rh4 Ra3 37. d5 exd5 38. Rd4 Ke6 39. f4 Ra2+ 40. Ke3 Nc6 41. f5+ Kd6 42. Rh4 d4+ 43. Ke4 Rxf2 44. Rh6+ Ke7 45. Bb5 Na5 46. Kxd4 a6 47. Bd3 Ra2 48.
Rb6 Rxa4+ 49. Ke5 Nc6+ 50. Kd5 Rd4+ 51. Kc5 Rxd3 52. Rxb7+ Rd7 53. f6+ Ke6 54. Rb6 Rd6 55. Rxa6 Ke5 56. Ra1 Re6 57. Rf1 Rxf6 58. Re1+ Kf5 59.
Rf1+ Kg6 60. Rg1+ Kh5 61. Rh1+ Kg4 62. Rg1+ Kh3 63. Rh1+ Kg2 64. Rh8 Ne5 65. Rg8+ Ng6 66. Kd5 Kg3 67. Rg7 Kg4 68. Rg8 Kg5 69. Ke4 Rf1 70.
Kd5 f5 71. Rg7 Kf6 72. Ra7 f4 73. Ra6+ Kf5 74. Kd4 Rd1+ 75. Kc3 f3 76. Ra2 Nf4 77. Rf2 Ke4 78. Rh2 Ke3 79. Kc2 Rd8 80. Kc3 f2 81. Rh1 Ke2 0-1